[Event "Early-Titled-Tuesday-Blitz-March-12-2024"]
[Site "Chess.com"]
[Date "2024.03.12"]
[Round "3"]
[White "SaiAgni_98"]
[Black "rikchessmx"]
[Result "1-0"]
[WhiteElo "2557"]
[BlackElo "2296"]
[TimeControl "180+1"]
[EndTime "8:24:31 PDT"]
[Termination "SaiAgni_98 won by checkmate"]

1. e4 c5 2. Nf3 e6 3. c3 d5 4.
Bb5+ Bd7 5. Bxd7+ Nxd7 6. exd5 exd5 7. O-O Be7 8. d4 c4 9. Bf4 Ngf6 10. Re1 O-O 11.
Nbd2 b5 12. a3 a5 13. Ne5 Nxe5 14. dxe5 Nd7 15. Qh5 Nc5 16. Re3 g6 17. Qh6 f6 18.
e6 g5 19. Rh3 Rf7 20. exf7+ Kxf7 21. Qxh7+ Ke6 22. Re1+ Kd7 23. Rhe3 gxf4 24. Rxe7+ Kd6 25. Qf7 Qf8 26. Qe6+ Nxe6 27. R1xe6+ Kc5 28. Rc7# 1-0

[Event "Early-Titled-Tuesday-Blitz-March-12-2024"]
[Site "Chess.com"]
[Date "2024.03.12"]
[Round "3"]
[White "Cheer_Down"]
[Black "VinzentSpitzl"]
[Result "1/2-1/2"]
[WhiteElo "2424"]
[BlackElo "2566"]
[TimeControl "180+1"]
[EndTime "8:24:32 PDT"]
[Termination "Game drawn by repetition"]

1. e4 c6 2. d4 d5 3. e5 c5 4. dxc5 e6 5. a3 Nc6 6. Nf3 Bxc5 7. b4 Bb6 8. Bb2 Nge7 9. Bd3 Ng6 10. O-O Nf4 11. c4 Nxd3 12. Qxd3 dxc4 13. Qxd8+ Bxd8 14.
Nbd2 b5 15. a4 Ba6 16. axb5 Bxb5 17. Rfc1 O-O 18. Nxc4 Nxb4 19. Nd6 Bd7 20. Ba3 Nd5 21. Nb7 Re8 22. Nd6 Rf8 23. Nb7 Re8 24. Nd6 Rf8 1/2-1/2

[Event "Early-Titled-Tuesday-Blitz-March-12-2024"]
[Site "Chess.com"]
[Date "2024.03.12"]
[Round "3"]
[White "xakevicius91"]
[Black "Oleksandr_Bortnyk"]
[Result "0-1"]
[WhiteElo "2565"]
[BlackElo "3003"]
[TimeControl "180+1"]
[EndTime "8:24:43 PDT"]
[Termination "Oleksandr_Bortnyk won by resignation"]

1. e4 Nf6 2. e5 Nd5 3. d4 d6 4.
Nf3 dxe5 5. Nxe5 c6 6. Be2 Bf5 7. O-O Nd7 8. Nf3 e6 9. c4 N5f6 10. Nc3 Bd6 11. Nh4 Bg6 12. Be3 Ne4 13. g3 Nxc3 14. bxc3 O-O 15. Nxg6 hxg6 16. Bf3 Rc8 17. Qd3 Qa5 18. h4 Rfd8 19. Rab1 Be7 20. Qc2 b6 21. Kg2 e5 22. h5 gxh5 23. d5 cxd5 24. cxd5 Rxc3 25. Qd2 Nf6 26. Qe2 e4 27. Bxh5 Rxd5 28.
Rh1 Rxe3 29. Qxe3 Rxh5 30. Rxh5 Qxh5 31. Rh1 Qf5 0-1

[Event "Early-Titled-Tuesday-Blitz-March-12-2024"]
[Site "Chess.com"]
[Date "2024.03.12"]
[Round "3"]
[White "Andrei_Skvortsov"]
[Black "Rud_Makarian"]
[Result "0-1"]
[WhiteElo "2778"]
[BlackElo "3011"]
[TimeControl "180+1"]
[EndTime "8:24:44 PDT"]
[Termination "Rud_Makarian won by resignation"]

1. e4 d6 2. d4 Nf6 3. Nc3 e5 4. Nf3 Nbd7 5. Bc4 Be7 6. O-O O-O 7. a4 c6 8. Re1 exd4 9. Nxd4 Ne5 10. Bf1 Ng6 11.
f4 Re8 12. h3 Qc7 13. Qf3 Bd7 14. Qf2 Rad8 15. Nf5 Bxf5 16. exf5 Nf8 17. Qxa7 d5 18. Be3 N8d7 19. Qd4 Bc5 20. Qd3 Rxe3 21. Rxe3 Qxf4 22. Re1 Ne5 23. Qd1 Bxe3+ 24. Kh1 Nfg4 0-1

[Event "Early-Titled-Tuesday-Blitz-March-12-2024"]
[Site "Chess.com"]
[Date "2024.03.12"]
[Round "3"]
[White "Mr_ruthless"]
[Black "TregubovP"]
[Result "0-1"]
[WhiteElo "2477"]
[BlackElo "2699"]
[TimeControl "180+1"]
[EndTime "8:24:44 PDT"]
[Termination "TregubovP won by resignation"]

1. e4 c5 2. Nf3 e6 3. d4 cxd4 4. Nxd4 Nf6 5. Nc3 Nc6 6. Ndb5 Bb4 7. a3 Bxc3+ 8. Nxc3 d5 9. exd5 exd5 10. Bd3 O-O 11.
O-O d4 12. Ne2 Bg4 13. h3 Bh5 14. Qd2 Bxe2 15. Qxe2 Re8 16. Qf3 Qb6 17. Qg3 Ne5 18.
Bf5 g6 19. Bf4 Nh5 20. Qg5 Nxf4 21. Qxf4 gxf5 22. Rae1 Qf6 23. Re2 Ng6 24. Rxe8+ Rxe8 25. Qc7 Qc6 26. Qa5 Qxc2 0-1

[Event "Early-Titled-Tuesday-Blitz-March-12-2024"]
[Site "Chess.com"]
[Date "2024.03.12"]
[Round "3"]
[White "Nitzan_Steinberg"]
[Black "ChessQueen"]
[Result "1/2-1/2"]
[WhiteElo "2899"]
[BlackElo "2763"]
[TimeControl "180+1"]
[EndTime "8:24:45 PDT"]
[Termination "Game drawn by repetition"]

1. e4 c6 2. Nf3 d5 3. exd5 cxd5 4. Ne5 Nc6 5. d4 Nf6 6. c3 e6 7. Bb5 Bd7 8. Nxd7 Nxd7 9. O-O Bd6 10. Nd2 Qc7 11.
g3 h5 12. Nf3 O-O-O 13. h4 f6 14.
Qe2 e5 15. dxe5 Ndxe5 16. Nd4 Nxd4 17. cxd4 Ng4 18. Bd2 Kb8 19. a4 a6 20. Bd3 Bxg3 21. fxg3 Qxg3+ 22. Kh1 Qxh4+ 23. Kg1 Qg3+ 24. Kh1 Qh4+ 25.
Kg1 Qg3+ 26. Kh1 Qh3+ 27. Kg1 Qg3+ 1/2-1/2

[Event "Early-Titled-Tuesday-Blitz-March-12-2024"]
[Site "Chess.com"]
[Date "2024.03.12"]
[Round "3"]
[White "snowlord"]
[Black "Hanging_pointer"]
[Result "1-0"]
[WhiteElo "2911"]
[BlackElo "2685"]
[TimeControl "180+1"]
[EndTime "8:24:47 PDT"]
[Termination "snowlord won by resignation"]

1. b3 c6 2. Bb2 d5 3. e3 Nf6 4.
Nf3 Bg4 5. d3 e6 6. Nbd2 Nbd7 7.
h3 Bh5 8. g4 Bg6 9. Rg1 Bd6 10.
Qe2 Qe7 11. g5 Nh5 12. a3 e5 13. Nh4 O-O-O 14. Rg4 Kb8 15. Bg2 Rhe8 16. Bf3 f5 17. gxf6 Nhxf6 18. Nxg6 hxg6 19. Rxg6 Rh8 20. Qf1 Qe6 21. O-O-O Rxh3 22. Bg4 1-0

[Event "Early-Titled-Tuesday-Blitz-March-12-2024"]
[Site "Chess.com"]
[Date "2024.03.12"]
[Round "3"]
[White "Kirill_Klukin"]
[Black "el008"]
[Result "1-0"]
[WhiteElo "2817"]
[BlackElo "2524"]
[TimeControl "180+1"]
[EndTime "8:24:52 PDT"]
[Termination "Kirill_Klukin won by resignation"]

1. d4 b6 2. Nf3 Bb7 3. e3 Nf6 4. Bd3 g6 5. b3 Bg7 6. Bb2 O-O 7.
O-O Ne4 8. c4 d6 9. Nbd2 Nxd2 10. Nxd2 Nd7 11. Qc2 e5 12. Be4 Bxe4 13. Qxe4 exd4 14.
Bxd4 Re8 15. Qd3 Nc5 16. Qc3 Bxd4 17. Qxd4 a5 18. Rad1 Qg5 19. Nf3 Qf5 20. Qd2 h5 21. Nd4 Qf6 22. h3 h4 23. Qc2 Ne4 24. Nb5 Rac8 25. Rd4 Qf5 26. Rfd1 Re5 27. Na7 Rce8 28.
Nc6 R5e6 29. Rd5 Qf6 30. Nd4 Re5 31. Nf3 Rxd5 32. cxd5 Qc3 33. Qb1 Qf6 34. Rc1 Nc3 35. Qc2 Nxd5 36. Qc6 Ne7 37. Qxe8+ 1-0

[Event "Early-Titled-Tuesday-Blitz-March-12-2024"]
[Site "Chess.com"]
[Date "2024.03.12"]
[Round "3"]
[White "InitiatingASC"]
[Black "atbenina64"]
[Result "0-1"]
[WhiteElo "2342"]
[BlackElo "2730"]
[TimeControl "180+1"]
[EndTime "8:25:04 PDT"]
[Termination "atbenina64 won by resignation"]

1. d4 Nf6 2. c4 e6 3. Nc3 Bb4 4.
e3 O-O 5. Bd3 d5 6. Ne2 dxc4 7.
Bxc4 Be7 8. O-O c5 9. b3 Nc6 10. Bb2 cxd4 11. exd4 b6 12. d5 Na5 13. Qd4 Nxc4 14. bxc4 Ba6 15. Ne4 exd5 16. cxd5 Bxe2 17.
d6 Bxf1 18. Rxf1 Re8 19. dxe7 Qxd4 0-1

[Event "Early-Titled-Tuesday-Blitz-March-12-2024"]
[Site "Chess.com"]
[Date "2024.03.12"]
[Round "3"]
[White "stollenmonster"]
[Black "Real_taiatai"]
[Result "1-0"]
[WhiteElo "2872"]
[BlackElo "2538"]
[TimeControl "180+1"]
[EndTime "8:25:11 PDT"]
[Termination "stollenmonster won by checkmate"]

1. e4 e5 2. Nc3 d6 3. g3 Nd7 4.
Bg2 g6 5. Nge2 Bg7 6. d3 Ne7 7. h3 O-O 8. O-O f5 9. Be3 Nf6 10. f4 fxe4 11. Nxe4 Nxe4 12. dxe4 Nc6 13. c3 Be6 14.
Qd3 Qd7 15. Kh2 Kh8 16. b3 a5 17. Rad1 a4 18. c4 b6 19. f5 Bg8 20. g4 gxf5 21.
exf5 axb3 22. axb3 Ra3 23. g5 e4 24. Qxe4 Be5+ 25. Bf4 Bxf4+ 26. Nxf4 Ne5 27. Qxe5+ dxe5 28. Rxd7 exf4 29. Rxf4 Rxb3 30. g6 hxg6 31. Rh4+ Bh7 32. Rhxh7+ Kg8 33. Rdg7# 1-0

[Event "Early-Titled-Tuesday-Blitz-March-12-2024"]
[Site "Chess.com"]
[Date "2024.03.12"]
[Round "3"]
[White "andrew-blr"]
[Black "AsaHoffmann"]
[Result "0-1"]
[WhiteElo "2609"]
[BlackElo "2364"]
[TimeControl "180+1"]
[EndTime "8:25:22 PDT"]
[Termination "AsaHoffmann won by resignation"]

1. d4 Nf6 2. c4 c5 3. d5 e5 4. Nc3 d6 5. Nf3 Be7 6. h3 Nbd7 7. e4 Nf8 8. g4 Ng6 9. Bd3 O-O 10. Be3 a6 11. a4 b6 12. Qd2 Rb8 13. Kf1 Bd7 14. Kg2 Ne8 15. Rhb1 a5 16. Ne2 h6 17. Rh1 Nf6 18. Nfg1 Nh4+ 19. Kg3 Nh7 20. f4 exf4+ 21. Bxf4 Bg5 22. Nf3 Nxf3 23. Kxf3 Qf6 24. Kg3 Rfe8 25. h4 Bxf4+ 26. Qxf4 Qxb2 27. Qxd6 Qd2 28. Rh3 Qxd3+ 29. Kg2 Qxe2+ 0-1

[Event "Early-Titled-Tuesday-Blitz-March-12-2024"]
[Site "Chess.com"]
[Date "2024.03.12"]
[Round "3"]
[White "toniv1"]
[Black "awesomevishesh"]
[Result "0-1"]
[WhiteElo "2331"]
[BlackElo "2639"]
[TimeControl "180+1"]
[EndTime "8:25:39 PDT"]
[Termination "awesomevishesh won by resignation"]

1. g3 Nf6 2. Bg2 g6 3. Nf3 Bg7 4. d4 O-O 5. O-O d6 6. c4 Nbd7 7. Nc3 e5 8. Qc2 exd4 9. Nxd4 Nb6 10. b3 c5 11. Nf3 Bf5 12. Qd1 d5 13. Bb2 d4 14. Nb1 Re8 15. Re1 Ne4 16. Qc1 Qe7 17. Nfd2 Nxf2 18. Kxf2 Qe3+ 19. Kf1 d3 20. Bf3 Bh3+ 0-1

[Event "Early-Titled-Tuesday-Blitz-March-12-2024"]
[Site "Chess.com"]
[Date "2024.03.12"]
[Round "3"]
[White "scrambleyourbrain"]
[Black "Koalaskakistis"]
[Result "1-0"]
[WhiteElo "2383"]
[BlackElo "2518"]
[TimeControl "180+1"]
[EndTime "8:25:40 PDT"]
[Termination "scrambleyourbrain won by resignation"]

1. e4 c5 2. Nf3 d6 3. d4 cxd4 4. Nxd4 Nf6 5. Nc3 a6 6. f3 e5 7.
Nb3 Be6 8. Be3 Nbd7 9. Qd2 h5 10.
Nd5 Bxd5 11. exd5 g6 12. c4 Rc8 13. Na5 Qc7 14. b4 Bg7 15. Rc1 O-O 16. Be2 e4 17.
O-O exf3 18. gxf3 h4 19. c5 Nh5 20. c6 bxc6 21. Bxa6 Ra8 22. Rxc6 Qd8 23. Be2 Ne5 24.
Rcc1 Qd7 25. Nc6 Qh3 26. Rf2 f5 27. Nxe5 f4 28. Nxg6 fxe3 29. Qxe3 Rae8 30. Qg5 Rf5 31. Ne7+ Rxe7 32. Qxe7 Bd4 33. Rc8+ 1-0

[Event "Early-Titled-Tuesday-Blitz-March-12-2024"]
[Site "Chess.com"]
[Date "2024.03.12"]
[Round "3"]
[White "Aygehovit1992"]
[Black "Dyadya81"]
[Result "0-1"]
[WhiteElo "2706"]
[BlackElo "2916"]
[TimeControl "180+1"]
[EndTime "8:25:48 PDT"]
[Termination "Dyadya81 won by checkmate"]

1. e4 c6 2. d4 d5 3. e5 Bf5 4. Nf3 e6 5. Be2 Ne7 6. O-O c5 7. c4 Nbc6 8. Qa4 dxc4 9. Bxc4 cxd4 10. Rd1 Qa5 11. Qxa5 Nxa5 12. Bb5+ Nec6 13. Nxd4 O-O-O 14. Be3 Bc5 15. Nxf5 Rxd1+ 16. Bf1 Bxe3 17. Nxe3 Re1 18. Nc2 Rc1 19. Nba3 Rxa1 20. Nxa1 Nxe5 21. b4 Nac6 22. b5 Nd4 23. f4 Ng6 24. g3 Rd8 25. Kf2 e5 26. Ke3 exf4+ 27. gxf4 Nf5+ 28. Ke4 Rd4+ 29. Kxf5 Rxf4+ 30. Kg5 h6+ 31. Kh5 Rh4# 0-1

[Event "Early-Titled-Tuesday-Blitz-March-12-2024"]
[Site "Chess.com"]
[Date "2024.03.12"]
[Round "3"]
[White "Sanyura"]
[Black "mishanick"]
[Result "0-1"]
[WhiteElo "2608"]
[BlackElo "3091"]
[TimeControl "180+1"]
[EndTime "8:25:51 PDT"]
[Termination "mishanick won by resignation"]

1. Nf3 d5 2. g3 g6 3. Bg2 Bg7 4. O-O e5 5. d3 Nc6 6. e4 dxe4 7. dxe4 Qxd1 8. Rxd1 Bg4 9. c3 Nf6 10. h3 Be6 11. Be3 h6 12. Nbd2 O-O-O 13. b4 Nd7 14. a4 a5 15. b5 Ncb8 16. c4 Bf8 17. c5 Bxc5 18. Bxc5 Nxc5 19. Nxe5 Rd4 20. b6 cxb6 21. Ndc4 Rxc4 22. Nxc4 Bxc4 23. Rac1 Be6 24. f4 Kc7 25. g4 Nc6 26. f5 Bb3 27. Re1 Re8 28. Rc3 Bxa4 29. h4 Bb3 30. g5 hxg5 31. hxg5 a4 0-1

[Event "Early-Titled-Tuesday-Blitz-March-12-2024"]
[Site "Chess.com"]
[Date "2024.03.12"]
[Round "3"]
[White "Herman-NY"]
[Black "rhwr"]
[Result "1-0"]
[WhiteElo "2542"]
[BlackElo "2281"]
[TimeControl "180+1"]
[EndTime "8:25:51 PDT"]
[Termination "Herman-NY won by resignation"]

1. e4 c5 2. Nf3 d6 3. d4 cxd4 4. Nxd4 Nf6 5. Nc3 a6 6. Bc4 e6 7.
a3 b5 8. Ba2 Be7 9. g4 O-O 10.
g5 Ne8 11. Rg1 Qc7 12. Rg3 Nc6 13. Nxc6 Qxc6 14. Qh5 g6 15. Qh6 Ng7 16. Be3 Rb8 17. Bd4 e5 18. Nd5 Bd8 19. Nf6+ Bxf6 20. gxf6 Nh5 21. Qxh5 Qxe4+ 22. Be3 Kh8 23. Qh6 Rg8 24. Bxf7 Bf5 25. Bxg8 Rxg8 26. f7 1-0

[Event "Early-Titled-Tuesday-Blitz-March-12-2024"]
[Site "Chess.com"]
[Date "2024.03.12"]
[Round "3"]
[White "FLYD"]
[Black "masnyszachistaaa"]
[Result "0-1"]
[WhiteElo "1884"]
[BlackElo "2568"]
[TimeControl "180+1"]
[EndTime "8:25:57 PDT"]
[Termination "masnyszachistaaa won by checkmate"]

1. e4 a6 2. d4 e6 3. Be3 d5 4.
Nc3 Nf6 5. e5 Nfd7 6. Qg4 c5 7.
Nf3 cxd4 8. Bxd4 Nc6 9. Qg3 Nxd4 10. Nxd4 Qc7 11. f4 b5 12. O-O-O Nc5 13. Be2 b4 14. Nb1 Ne4 15. Qe3 Bb7 16. Nd2 Bc5 17. Nxe4 dxe4 18.
Qg3 O-O 19. h4 Rac8 20. Qb3 Bxd4 21. Rxd4 Bd5 22. Qa4 b3 23. axb3 Qxc2# 0-1

[Event "Early-Titled-Tuesday-Blitz-March-12-2024"]
[Site "Chess.com"]
[Date "2024.03.12"]
[Round "3"]
[White "DrCeltic"]
[Black "LiamPutnam2008"]
[Result "0-1"]
[WhiteElo "2545"]
[BlackElo "2892"]
[TimeControl "180+1"]
[EndTime "8:25:58 PDT"]
[Termination "LiamPutnam2008 won by resignation"]

1. e4 a6 2. d4 b5 3. Bd3 Bb7 4. Nf3 e6 5. Qe2 Nf6 6. e5 Nd5 7. O-O c5 8. c3 Nc6 9. a4 cxd4 10. axb5 axb5 11. Rxa8 Qxa8 12. Bxb5 dxc3 13. Nxc3 Nxc3 14. bxc3 Be7 15. Bg5 f6 16. exf6 gxf6 17. Bh6 Rg8 18. Nh4 f5 19. Qh5+ Kd8 20. Qf7 Rg4 21. Nf3 Ne5 22.
Nxe5 Rxg2+ 23. Kh1 Rxf2+ 24. Kg1 Rg2+ 25. Kh1 Rg7+ 0-1

[Event "Early-Titled-Tuesday-Blitz-March-12-2024"]
[Site "Chess.com"]
[Date "2024.03.12"]
[Round "3"]
[White "Al_Shima"]
[Black "JaackCamel"]
[Result "1-0"]
[WhiteElo "2440"]
[BlackElo "2176"]
[TimeControl "180+1"]
[EndTime "8:25:59 PDT"]
[Termination "Al_Shima won by resignation"]

1. e4 e6 2. d4 d5 3. Nd2 c5 4.
Ngf3 cxd4 5. Nxd4 Nc6 6. Nxc6 bxc6 7. Bd3 Nf6 8. O-O Bd6 9. Qe2 Qc7 10. h3 O-O 11.
Re1 Nd7 12. c4 Bb7 13. b3 Be5 14. Rb1 d4 15. Nf3 a5 16. Nxe5 Qxe5 17. f4 Qc5 18. e5 Rfd8 19. f5 exf5 20. e6 fxe6 21. Qxe6+ Kh8 22.
Bg5 Nf8 23. Qf7 Rdb8 24. Re7 1-0

[Event "Early-Titled-Tuesday-Blitz-March-12-2024"]
[Site "Chess.com"]
[Date "2024.03.12"]
[Round "3"]
[White "profedechess93"]
[Black "dealshark"]
[Result "1-0"]
[WhiteElo "2627"]
[BlackElo "2329"]
[TimeControl "180+1"]
[EndTime "8:26:00 PDT"]
[Termination "profedechess93 won by resignation"]

1. e4 c6 2. d4 d5 3. Nc3 dxe4 4.
Nxe4 Nd7 5. Bc4 Ngf6 6. Ng5 e6 7. Qe2 Nb6 8. Bb3 Be7 9. N1f3 O-O 10. c3 h6 11. Ne4 Nbd5 12. Bc2 Nxe4 13. Qxe4 Nf6 14. Qe2 c5 15. dxc5 Bxc5 16. Bd2 b6 17. O-O-O Qc7 18. g4 Bb7 19. g5 hxg5 20. Bxg5 Nd5 21. Qe4 Nf6 22.
Qh4 Nh5 23. Qxh5 g6 24. Qh3 Be7 25. Rhg1 Bxg5+ 26. Nxg5 Qf4+ 27. Kb1 1-0

[Event "Early-Titled-Tuesday-Blitz-March-12-2024"]
[Site "Chess.com"]
[Date "2024.03.12"]
[Round "3"]
[White "TanitoluwaAps116"]
[Black "Polish_fighter3000"]
[Result "0-1"]
[WhiteElo "2833"]
[BlackElo "3127"]
[TimeControl "180+1"]
[EndTime "8:26:02 PDT"]
[Termination "Polish_fighter3000 won by resignation"]

1. e4 e6 2. d4 d5 3. exd5 Qxd5 4. Nc3 Bb4 5. Nf3 b6 6. Bd2 Bxc3 7. bxc3 Nf6 8. Bd3 Bb7 9. O-O Nbd7 10. Qe2 O-O 11. Bf4 c5 12. Rfd1 Rfc8 13. Bb5 c4 14. a4 Nf8 15. Rdb1 a6 0-1

[Event "Early-Titled-Tuesday-Blitz-March-12-2024"]
[Site "Chess.com"]
[Date "2024.03.12"]
[Round "3"]
[White "ril1997"]
[Black "LiadCuba"]
[Result "1-0"]
[WhiteElo "2735"]
[BlackElo "2508"]
[TimeControl "180+1"]
[EndTime "8:26:06 PDT"]
[Termination "ril1997 won by checkmate"]

1. Nf3 d5 2. g3 Nf6 3. Bg2 e6 4. O-O c5 5. d4 Nc6 6. c4 dxc4 7. Qa4 Bd7 8. Qxc4 b5 9. Qd3 c4 10. Qd1 Be7 11. Bg5 O-O 12. e3 Rb8 13. Nc3 b4 14. Na4 Ne4 15. Bxe7 Nxe7 16. Ne5 Bxa4 17. Qxa4 Nd6 18. Qxa7 f6 19. Nc6 Nxc6 20.
Bxc6 Rf7 21. Qa4 Qb6 22. Bg2 h5 23. Rfc1 h4 24. Qd1 Ra7 25. Qg4 Nf5 26. Rxc4 hxg3 27. hxg3 b3 28. a3 Rc7 29. Qe2 Rbc8 30. Rxc7 Rxc7 31.
Be4 Nd6 32. Bd3 Qb7 33. Qg4 f5 34. Qg6 Qd5 35. a4 Ne4 36. Bxe4 fxe4 37. Qe8+ Kh7 38.
Kg2 g6 39. Rh1+ Kg7 40. Qh8+ Kf7 41. Rh7# 1-0

[Event "Early-Titled-Tuesday-Blitz-March-12-2024"]
[Site "Chess.com"]
[Date "2024.03.12"]
[Round "3"]
[White "Fighterman91"]
[Black "VladimirKramnik"]
[Result "0-1"]
[WhiteElo "2768"]
[BlackElo "2999"]
[TimeControl "180+1"]
[EndTime "8:26:08 PDT"]
[Termination "VladimirKramnik won by checkmate"]

1. e4 e6 2. d4 d5 3. Nc3 Nf6 4. e5 Nfd7 5. f4 c5 6. Nf3 Nc6 7. Be3 Be7 8. a3 O-O 9. dxc5 Nxc5 10. b4 Ne4 11. Nxe4 dxe4 12. Qxd8 Rxd8 13. Nd2 a5 14. b5 Nd4 15. Bxd4 Rxd4 16. c3 Rd7 17. Nxe4 b6 18. Be2 Bb7 19. Bf3 Rc8 20. O-O Bxe4 21.
Bxe4 Rxc3 22. a4 g6 23. Rfc1 Rxc1+ 24. Rxc1 Rd4 25. Bf3 Bc5 26. Ra1 Rd1# 0-1

[Event "Early-Titled-Tuesday-Blitz-March-12-2024"]
[Site "Chess.com"]
[Date "2024.03.12"]
[Round "3"]
[White "Alex_Banzea"]
[Black "sansanathalia"]
[Result "1-0"]
[WhiteElo "2629"]
[BlackElo "2349"]
[TimeControl "180+1"]
[EndTime "8:26:11 PDT"]
[Termination "Alex_Banzea won by checkmate"]

1. d4 Nf6 2. Nc3 d5 3. Bf4 e6 4. e3 Be7 5. Bd3 O-O 6. Nf3 b6 7. O-O Bb7 8. Ne2 Nbd7 9. Ng3 c5 10. c3 Ne4 11. h4 f5 12. h5 Bf6 13. Bb5 a6 14.
Bxd7 Qxd7 15. Ne5 Bxe5 16. Bxe5 Rae8 17. Nxe4 fxe4 18. f4 exf3 19. Rxf3 Rxf3 20. Qxf3 Rf8 21. Qg4 Qf7 22. Kh2 g6 23. Rf1 Qxf1 24. hxg6 Qf5 25. gxh7+ Kxh7 26. Qg7# 1-0

[Event "Early-Titled-Tuesday-Blitz-March-12-2024"]
[Site "Chess.com"]
[Date "2024.03.12"]
[Round "3"]
[White "Matols"]
[Black "JSPrepz"]
[Result "0-1"]
[WhiteElo "2362"]
[BlackElo "2843"]
[TimeControl "180+1"]
[EndTime "8:26:15 PDT"]
[Termination "JSPrepz won by resignation"]

1. d4 Nf6 2. c4 c5 3. d5 b5 4.
cxb5 a6 5. bxa6 g6 6. Nc3 Bg7 7. Nf3 O-O 8. g3 d6 9. Bg2 Nbd7 10. O-O Nb6 11. Nd2 Bxa6 12. Rb1 Nfd7 13. Qc2 Bxc3 14. bxc3 Bxe2 15. Re1 Ba6 16. c4 Ne5 17. Bf1 Rb8 18. f4 Ng4 19. Bb2 Qd7 20. Bh3 h5 21. Qc3 f6 22. Qc2 Kg7 23. Ba1 Rfe8 24. Re6 Nxc4 25.
Nxc4 Rxb1+ 26. Qxb1 Bxc4 27. Qd1 Rb8 28. Re1 Bxa2 29.
Qe2 Bxd5 30. Qxe7+ Qxe7 31. Rxe7+ Kf8 32. Re1 f5 33. Bxg4 hxg4 34. Kf2 Be4 35. Bf6 Ra8 36. Ke3 Ra3+ 37. Kd2 d5 38. Rc1 Ra2+ 39. Kc3 Rxh2 40. Ra1 Rc2+ 41. Kb3 d4 42. Ra8+ Kf7 43. Bg5 Rc3+ 44.
Kb2 Bxa8 0-1

[Event "Early-Titled-Tuesday-Blitz-March-12-2024"]
[Site "Chess.com"]
[Date "2024.03.12"]
[Round "3"]
[White "SharapovEvgeny"]
[Black "Roedor"]
[Result "1/2-1/2"]
[WhiteElo "2520"]
[BlackElo "2279"]
[TimeControl "180+1"]
[EndTime "8:26:15 PDT"]
[Termination "Game drawn by repetition"]

1. e4 e5 2. Nf3 Nc6 3. Bb5 Nf6 4. d3 Bc5 5. O-O Nd4 6. Nxd4 Bxd4 7. c3 Bb6 8. d4 O-O 9. Bg5 h6 10. dxe5 hxg5 11.
exf6 Qxf6 12. Nd2 d6 13. Qf3 Qh6 14. Nc4 Be6 15. Ne3 g6 16. Nd5 Bxd5 17. exd5 a6 18. Bc4 Rae8 19. Rae1 Qh4 20. Bb3 Kg7 21. g3 Qh3 22. Qg2 Qf5 23. h3 Re5 24. g4 Qf4 25.
Rxe5 Qxe5 26. Qf3 f5 27. Kg2 fxg4 28. Qxg4 Rf4 29. Qd7+ Kh6 30. Qc8 Kg7 31. Qd7+ Kh6 32. Qc8 Kg7 33. Qd7+ 1/2-1/2

[Event "Early-Titled-Tuesday-Blitz-March-12-2024"]
[Site "Chess.com"]
[Date "2024.03.12"]
[Round "3"]
[White "Danny_Billiards"]
[Black "DenLaz"]
[Result "0-1"]
[WhiteElo "2793"]
[BlackElo "3043"]
[TimeControl "180+1"]
[EndTime "8:26:16 PDT"]
[Termination "DenLaz won by resignation"]

1. d4 f5 2. g3 Nf6 3. Bg2 g6 4.
Nd2 Bg7 5. e4 fxe4 6. Nxe4 Nxe4 7. Bxe4 d5 8. Bg2 Nc6 9. Nf3 Bg4 10. c3 Qd7 11. h3 Bxf3 12. Bxf3 O-O-O 13. Qe2 Kb8 14. Bg4 Qe8 15. Be6 Bxd4 16. Bf4 Bf6 17. h4 d4 18. O-O h6 19. cxd4 g5 20. hxg5 hxg5 21. Be3 Bxd4 22. Bg4 Qg6 23. Bf3 Bxe3 24. Qxe3 Nd4 25. Rfc1 g4 26. Bg2 Qh5 27. Qxe7 Nf3+ 28. Bxf3 gxf3 29. Qh4 Qxh4 30. gxh4 Rxh4 0-1

[Event "Early-Titled-Tuesday-Blitz-March-12-2024"]
[Site "Chess.com"]
[Date "2024.03.12"]
[Round "3"]
[White "santosalberto1987"]
[Black "Sina_Movahed"]
[Result "0-1"]
[WhiteElo "2566"]
[BlackElo "3058"]
[TimeControl "180+1"]
[EndTime "8:26:16 PDT"]
[Termination "Sina_Movahed won by checkmate"]

1. e4 c5 2. Nf3 d6 3. c3 Nf6 4.
h3 g6 5. Bd3 Bg7 6. Bc2 e5 7. O-O O-O 8. d4 cxd4 9. cxd4 exd4 10. Nxd4 Nc6 11. Nxc6 bxc6 12. Nc3 Be6 13. Bf4 d5 14.
exd5 Nxd5 15. Nxd5 cxd5 16. Rb1 Rc8 17. Re1 Qb6 18. Be5 Bxe5 19. Rxe5 d4 20. Bb3 Bf5 21.
Rc1 d3 22. Rxc8 Rxc8 23. g4 Qf6 24. Re3 Qg5 25. Kf1 Be4 26. Qd2 Qf4 27. Kg1 h5 28.
gxh5 Qg5+ 29. Kh2 Qg2# 0-1

[Event "Early-Titled-Tuesday-Blitz-March-12-2024"]
[Site "Chess.com"]
[Date "2024.03.12"]
[Round "3"]
[White "MikeWizard"]
[Black "Ginger_GM"]
[Result "0-1"]
[WhiteElo "2081"]
[BlackElo "2571"]
[TimeControl "180+1"]
[EndTime "8:26:21 PDT"]
[Termination "Ginger_GM won by checkmate"]

1. d4 e6 2. e4 d5 3. exd5 exd5 4. Nf3 Bg4 5. Nbd2 Bd6 6. h3 Bh5 7. Bd3 Nf6 8. Qe2+ Qe7 9. Qxe7+ Bxe7 10. g4 Bg6 11. Bxg6 hxg6 12. Ne5 Nbd7 13. Ndf3 Bd6 14. Bf4 Nxg4 15. Ke2 Ngxe5 16. dxe5 Be7 17. Rae1 Nc5 18. Nd2 Ne6 19. Bg3 Bh4 20. Kf3 O-O-O 21. Nb3 c5 22.
c3 b6 23. Re2 Kb7 24. Kg4 g5 25. Rd1 Kc6 26. f4 Bxg3 27. f5 Nf4 28. Re3 Bf2 29. Rf3 Rh4+ 30. Kxg5 Rdh8 31. Rxf2 R8h5# 0-1

[Event "Early-Titled-Tuesday-Blitz-March-12-2024"]
[Site "Chess.com"]
[Date "2024.03.12"]
[Round "3"]
[White "FoxOnTheRun97"]
[Black "LogoCzar"]
[Result "0-1"]
[WhiteElo "2622"]
[BlackElo "2390"]
[TimeControl "180+1"]
[EndTime "8:26:24 PDT"]
[Termination "LogoCzar won on time"]

1. d4 Nf6 2. Bg5 Ne4 3. h4 h6 4.
Bf4 d6 5. Nd2 Nf6 6. e3 Nbd7 7.
Ngf3 g6 8. Bd3 Bg7 9. Qe2 e6 10. e4 Qe7 11. e5 Nd5 12. Bh2 Nb4 13. exd6 Nxd3+ 14. Qxd3 cxd6 15. Nc4 e5 16. O-O-O O-O 17. Rhe1 Re8 18. dxe5 dxe5 19. Ncxe5 Nxe5 20. Bxe5 Bf5 21. Qb3 Rac8 22. c3 Qc5 23. Bd4 Qc7 24. Rxe8+ Rxe8 25. Be3 Qc6 26. Nd4 Bxd4 27. Rxd4 Qxg2 28. Qd5 Be4 29. Qd7 Rf8 30. Rd1 Bf5 31. Qd4 Kh7 32.
Qxa7 Qe4 33. Kd2 Qc2+ 34. Ke1 Bg4 0-1

[Event "Early-Titled-Tuesday-Blitz-March-12-2024"]
[Site "Chess.com"]
[Date "2024.03.12"]
[Round "3"]
[White "RebelJohnny"]
[Black "Grieve72"]
[Result "1-0"]
[WhiteElo "2522"]
[BlackElo "2710"]
[TimeControl "180+1"]
[EndTime "8:26:25 PDT"]
[Termination "RebelJohnny won by resignation"]

1. e4 c5 2. Nf3 a6 3. c3 Nf6 4. e5 Nd5 5. d4 cxd4 6. Bc4 e6 7. Bg5 Qc7 8. Bxd5 exd5 9. Qxd4 d6 10. exd6 Qxd6 11.
O-O Nc6 12. Re1+ Be6 13. Qd2 Be7 14. Na3 O-O 15. Bxe7 Qxe7 16. Nc2 Rad8 17. Ncd4 Qd6 18. Qg5 Na5 19. Nh4 h6 20. Qh5 Nc4 21. b3 Nb6 22. Re3 Bc8 23. Rae1 Qc6 24. Nxc6 1-0